 Dungeon Crawl Stone Soup version 0.27.1-3-gb3d3a73c9e (webtiles) character file.

Game seed: 16260604265303764248

4365 styxcanada the Covert (level 10, 0/49 HPs)
             Began as a Spriggan Brigand on Oct 19, 2021.
             Was an Initiate of Gozag.
             Slain by a warg (13 damage)
             ... on level 7 of the Dungeon.
             The game lasted 00:44:29 (9214 turns).

styxcanada the Covert (Spriggan Brigand)            Turns: 9214, Time: 00:44:30

Health: 0/49       AC:  3    Str:  7    XL:     10   Next: 13%
Magic:  19/19      EV: 30    Int: 12    God:    Gozag
Gold:   574        SH:  7    Dex: 21    Spells: 16/20 levels left

rFire    . . .     SeeInvis +   a - +2 dagger (elec)
rCold    . . .     Faith    .   i - +0 buckler
rNeg     . . .     Spirit   .   b - +0 robe
rPois    .         Reflect  .   (helmet restricted)
rElec    .         Harm     .   c - +0 cloak
rCorr    .         Rampage  .   (gloves unavailable)
Will     +....                  (boots unavailable)
Stlth    +++++.....             (no amulet)
HPRegen  0.16/turn              j - +4 ring of evasion
MPRegen  0.16/turn              k - +4 ring of evasion

@: gold aura, very quick
A: very small, no large weapons, unfitting armour, see invisible, speed 3
a: Renounce Religion, Potion Petition, Call Merchant, Bribe Branch


You were on level 7 of the Dungeon.
You worshipped Gozag.
Gozag was pleased with you.
You visited 2 branches of the dungeon, and saw 9 of its levels.
You also visited: Bailey.

You collected 629 gold pieces.
You paid 55 gold pieces to Gozag.

Inventory:

Hand Weapons
 a - a +2 dagger of electrocution (weapon)
 h - a +0 hunting sling
 m - a +4 falchion of holy wrath
 G - the +10 morningstar "Spiderbane" {vorpal, Str+3}
   (You found it in a bailey)

   It inflicts extra damage upon your enemies.
   Str:       It affects your strength (+3).
Missiles
 d - 14 poisoned darts
 f - 226 stones (quivered)
 p - 55 boomerangs
 s - 62 sling bullets
Armour
 b - a +0 robe (worn)
 c - a +0 cloak (worn)
 i - a +0 buckler (worn)
Magical Staves
 u - a staff of fire
Jewellery
 j - a +4 ring of evasion (left hand)
 k - a +4 ring of evasion (right hand)
 y - a ring of flight
 C - a ring of willpower
 L - a ring of ice
Wands
 e - a wand of flame (2)
Scrolls
 o - 4 scrolls of magic mapping
 w - a scroll of amnesia
 H - a scroll of fog {unknown}
 I - a scroll of teleportation {unknown}
 J - a scroll of enchant armour {unknown}
 K - 2 scrolls of immolation
Potions
 g - 3 potions of invisibility
 l - 2 potions of curing
 n - a potion of resistance
 q - 2 potions of heal wounds
 r - 5 potions of brilliance
 t - a potion of magic
 v - a potion of berserk rage
 x - a potion of flight {unknown}
 z - a potion of lignification {unknown}
 A - a potion of experience {unknown}
 B - a potion of mutation {unknown}
Miscellaneous
 D - a piece from Xom's chessboard (15/15)
 E - a tin of tremorstones (2/2)
 F - a condenser vane (inert)


   Skills:
 + Level 3.5 Fighting
 + Level 4.9(5.0) Short Blades
 + Level 0.8(2.4) Long Blades
 + Level 1.1 Maces & Flails
 + Level 3.4(4.5) Slings
 + Level 3.6(4.1) Throwing
 * Level 6.9 Dodging
 * Level 11.0 Stealth
 * Level 3.5 Shields
 * Level 5.5 Spellcasting
 * Level 2.9 Conjurations
 * Level 3.1 Fire Magic
 * Level 4.5 Evocations


You had 16 spell levels left.
You knew the following spells:

 Your Spells              Type           Power      Damage    Failure   Level
a - Foxfire               Conj/Fire      40%        2x1d6     7%          1
b - Conjure Flame         Conj/Fire      10%        6-21      22%         3

Your spell library contained the following spells:

 Spells                   Type           Power      Damage    Failure   Level
 Animate Skeleton         Necr           6%         N/A       24%         1
 Pain                     Necr           12%        1d4       24%         1
 Inner Flame              Hex/Fire       7%         N/A       36%         3
 Vampiric Draining        Necr           1%         2d6       58%         3
 Iskenderun's Battlesphe  Conj           10%        2d6       90%         5
 Iron Shot                Conj/Erth      3%         9d2       100%        6
 Spellforged Servitor     Conj/Summ      3%         N/A       100%        7


Dungeon Overview and Level Annotations

Branches:
Dungeon (8/15)             Temple (1/1) D:6            Lair (0/6) D:8
 Bailey (visited)

Altars:
Ashenzari
Cheibriados
Dithmenos
Elyvilon
Fedhas
Gozag
Hepliaklqana
Kikubaaqudgha
Makhleb
Nemelex Xobeh
Okawaru
Qazlal
Ru
Sif Muna
Trog
Uskayaw
Vehumet
Wu Jian
Xom
Yredelemnul
Zin
The Shining One

Shops:
D:6 ?(([


Innate Abilities, Weirdness & Mutations

You are very small and have problems with some larger weapons.
You are too small for most types of armour.
You have supernaturally acute eyesight. (SInv)
You cover ground extremely quickly. (Speed+++)


Message History

You hit the warg.
The warg is lightly wounded.
You block the warg's attack.
The warg is distracted by your dazzling golden aura.
You block the warg's attack.
You barely miss the warg.
The warg is lightly wounded.
The warg howls!
The warg misses you.
You hit the warg but do no damage.
The warg is lightly wounded.
You hit the warg but do no damage. Lightning courses through the warg!
The warg is heavily wounded.
The warg completely misses you. The warg closely misses you.
You miss the warg.
The warg is heavily wounded.
You barely miss the warg.
The warg is heavily wounded.
The warg is no longer distracted by gold.
The warg bites you!
You hit the warg.
The warg is severely wounded.
You block the warg's attack. x2; The warg bites you.
You block the warg's attack.
You hit the warg but do no damage. Lightning courses through the warg!!
You kill the warg!
The warg completely misses you. The warg closely misses you.
You see here 8 gold pieces.
You hit the warg.
The warg is lightly wounded.
The warg bites you.
* * * LOW HITPOINT WARNING * * *
You hit the warg but do no damage.
The warg is lightly wounded.
You closely miss the warg.
The warg is lightly wounded.
The warg bites you!
You die...
Your body crumbles into a pile of gold.

.............................#
..>............##..#.........####
................#.####.......##..
#..................###......###.(
#...............#.......#.#....).
#.......#.......#.###.#...#......
#.............................#..
........#........#..##...........
#<......#......h@##..............
#...............$.......).....#..
............#...>....#........#..
...................#.##########..
.......###........##.####### ###
.....### ###...........))).###
.....## #...##.....####...####
......# #...#####..# #......8
......# ##...# #### #...8...


You could see a warg.

Vanquished Creatures
  Pikel (D:6)
  An orc knight (Bailey)
  Joseph (D:8)
  Psyche (D:8)
  2 wraiths
  Eustachio (D:6)
  2 wargs (D:7)
  A water moccasin (D:6)
  A hornet zombie (D:5)
  4 orc warriors
  A sky beast (D:6)
  An ice beast (D:8)
  An ogre (D:5)
  2 centaurs (D:7)
  2 phantoms
  A water moccasin zombie (D:6)
  A gnoll sergeant (D:6)
  A wyvern zombie (D:6)
  A scorpion (D:6)
  A bullfrog zombie (D:3)
  2 hounds (D:4)
  4 orc priests
  A bullfrog skeleton (D:5)
  7 iguanas
  6 orc wizards
  A hound zombie (D:5)
  A hound skeleton (D:5)
  2 howler monkey zombies
  8 gnolls
  9 adders
  A shadow imp (D:7)
  3 white imps
  An ufetubus (D:4)
  2 dart slugs
  28 orcs
  6 endoplasms
  5 giant cockroaches
  7 goblins
  12 hobgoblins
  16 kobolds
  2 quokkas
  6 ball pythons
  2 bats
  7 frilled lizards
  3 rats
169 creatures vanquished.

Vanquished Creatures (others)
  A kobold (D:3)
  18 foxfires
  A plant (D:8)
20 creatures vanquished.

Grand Total: 189 creatures vanquished

Notes
Turn   | Place    | Note
-------+----------+-------------------------------------------
     0 | D:1      | styxcanada the Spriggan Brigand began the quest for the
                  | Orb.
     0 | D:1      | Reached XP level 1. HP: 10/10 MP: 2/2
   167 | D:1      | Found a faded altar of an unknown god.
   224 | D:1      | Reached skill level 6 in Stealth
   262 | D:1      | Reached XP level 2. HP: 15/15 MP: 3/3
   714 | D:1      | Reached XP level 3. HP: 16/18 MP: 4/4
   753 | D:1      | Reached skill level 7 in Stealth
  1439 | D:2      | Reached XP level 4. HP: 23/23 MP: 5/5
  1798 | D:3      | Reached skill level 1 in Shields
  1800 | D:3      | Reached XP level 5. HP: 26/26 MP: 5/7
  1838 | D:3      | Reached skill level 1 in Spellcasting
  2175 | D:3      | Reached skill level 8 in Stealth
  2779 | D:3      | Reached XP level 6. HP: 20/30 MP: 10/10
  3130 | D:4      | Learned a level 1 spell: Foxfire
  3134 | D:4      | Learned a level 3 spell: Conjure Flame
  4226 | D:5      | Entered Level 5 of the Dungeon
  4257 | D:5      | Reached XP level 7. HP: 35/35 MP: 11/11
  4511 | D:5      | Reached skill level 1 in Conjurations
  4511 | D:5      | Reached skill level 1 in Fire Magic
  4829 | D:5      | Reached skill level 9 in Stealth
  5689 | D:6      | Found Umoappy's Weapon Emporium.
  5693 | D:6      | Noticed Eustachio
  5700 | D:6      | Killed Eustachio
  5701 | D:6      | Reached XP level 8. HP: 39/39 MP: 13/13
  5737 | D:6      | Found Zepow's Magic Scroll Boutique.
  5753 | D:6      | Reached skill level 1 in Evocations
  5919 | D:6      | Found Gakuf's Weapon Emporium.
  5961 | D:6      | Reached skill level 1 in Slings
  6112 | D:6      | Found Ritan's Antique Weapon Emporium.
  6240 | D:6      | Reached skill level 5 in Dodging
  6755 | D:6      | Found Seasi's Antique Armour Boutique.
  6763 | D:6      | Noticed Pikel
  6764 | D:6      | Found a staircase to the Ecumenical Temple.
  6811 | D:6      | Killed Pikel
  6812 | D:6      | Reached skill level 10 in Stealth
  6912 | D:6      | Reached XP level 9. HP: 15/44 MP: 16/16
  6929 | Temple   | Entered the Ecumenical Temple
  7246 | Temple   | Became a worshipper of Gozag Ym Sagoz the Greedy
  7722 | D:7      | Found a flagged portal.
  7785 | Bailey   | Entered a bailey
  8064 | Bailey   | Found an iron altar of Okawaru.
  8064 | Bailey   | Noticed an orc knight
  8131 | Bailey   | Killed an orc knight
  8132 | Bailey   | Reached skill level 5 in Spellcasting
  8189 | Bailey   | Identified the +10 morningstar "Spiderbane" {vorpal, Str+3}
  8474 | D:7      | Found a sparkling altar of Nemelex Xobeh.
  8613 | D:8      | Noticed Psyche
  8620 | D:8      | Killed Psyche
  8860 | D:8      | Noticed Joseph
  8882 | D:8      | Killed Joseph
  8883 | D:8      | Reached skill level 11 in Stealth
  8883 | D:8      | Reached XP level 10. HP: 48/49 MP: 19/19
  9022 | D:8      | Found a staircase to the Lair.
  9060 | D:7      | Reached skill level 1 in Maces & Flails
  9214 | D:7      | Slain by a warg

Illustrated notes

Levels and vault maps discovered:
D:1:      amcnicky_arrival_flooded_fountain, layout_loops_ring, serial_glass,
          glass_columns_b, glass_columns_a, glass_columns_a,
          shapermc_ecumenical_altar_hornbeckon, minmay_tetromino_t2
D:2:      layout_rooms
D:3:      layout_loops_ring, minmay_fractal_squares_diagonal_5
D:4:      layout_basic, grunt_decor_junction
D:5:      layout_loops_ring, grunt_ministairs_10, chequers_serial_rivers_large_a
D:6:      layout_gridville, temple_statues, serial_shops, shop_fountains,
          nicolae_shop_stone, nicolae_stop_n_shop_2, nicolae_square_shop,
          nicolae_shop_statue_plus, kennysheep_decorative_pillar,
          uniq_eustachio, uniq_pikel
D:7:      layout_rooms, mainiacjoe_overflow_small_starburst, enter_bailey_6
D:8:      layout_layer_cave, erik_lair_orcish_takeover, uniq_psyche, uniq_joseph
Temple:   kilobyte_greek_temple

Skill      XL: |  1  2  3  4  5  6  7  8  9 10 |
---------------+-------------------------------+-----
Stealth        | 6 7 8 9 10 11 | 11.0
Dodging        | 2 3 4 5 6 |  6.9
Fighting       | 2 3 |  3.5
Shields        | 1 2 3 |  3.5
Spellcasting   | 2 3 4 5 |  5.5
Short Blades   | 3 4 |  4.9
Throwing       | 3 |  3.6
Conjurations   | 1 2 |  2.9
Fire Magic     | 1 2 3 |  3.1
Evocations     | 2 4 |  4.5
Slings         | 1 3 |  3.4
Maces & Flails | 1 |  1.1
Long Blades    | |  0.8

Action                   |  1- 3 |  4- 6 |  7- 9 | 10-12 || total
-------------------------+-------+-------+-------+-------++-------
Melee: Dagger            |   115 |   129 |   285 |    47 ||   576
       Falchion          |       |       |    17 |       ||    17
       Morningstar       |       |       |    13 |       ||    13
 Fire: Hunting sling     |       |     1 |    29 |       ||    30
Throw: Dart              |     6 |    44 |    20 |       ||    70
       Stone             |       |       |     8 |       ||     8
 Cast: Foxfire           |       |       |    12 |       ||    12
Evoke: Wand              |       |       |     9 |       ||     9
       Condenser vane    |       |       |     1 |       ||     1
  Use: Scroll            |       |    11 |     5 |       ||    16
       Potion            |       |     1 |     1 |       ||     2
 Stab: Sleeping          |    12 |     6 |     9 |       ||    27
       Invisible         |       |     1 |     2 |       ||     3
       Distracted        |       |       |     2 |       ||     2
       Confused          |       |       |     2 |       ||     2
Armor: Robe              |    10 |     2 |     8 |     1 ||    21
Dodge: Dodged            |    81 |    74 |   217 |    54 ||   426
Block: Buckler           |    28 |    25 |    88 |    17 ||   158
       Rpst.: Falchion   |       |       |     4 |       ||     4
